 Dungeon Crawl Stone Soup version 0.27-a0-1196-g3e9cee4cb2 (console) character file.

Game seed: 10949379972195717475

168 jejorda2 the Slasher (level 5, -1/43 HPs)
             Began as a Merfolk Berserker on May 28, 2021.
             Was a Believer of Trog.
             Slain by a gnoll
             ... wielding a +0 spear
              (3 damage)
             ... on level 4 of the Dungeon.
             The game lasted 00:05:46 (3962 turns).

jejorda2 the Slasher (Merfolk Berserker)            Turns: 3962, Time: 00:05:46

Health: -1/43      AC:  9    Str: 25    XL:     5   Next: 49%
Magic:  5/5        EV:  9    Int:  6    God:    Trog [**....]
Gold:   150        SH:  0    Dex: 13    Spells: 4/4 levels left

rFire    . . .     SeeInvis .   a - +0 falchion
rCold    . . .     Faith    .   (no shield)
rNeg     . . .     Spirit   .   l - +0 chain mail
rPois    .         Reflect  .   n - +0 helmet
rElec    .         Harm     .   (no cloak)
rCorr    +         Rampage  .   (no gloves)
Will     .....                  (no boots)
Stlth    ..........             (no amulet)
HPRegen  0.14/turn              k - ring of resist corrosion
MPRegen  0.09/turn              r - +6 ring of strength

@: mighty, on berserk cooldown, slowed, very slow
A: (nimble swimmer 2), mertail
a: Renounce Religion, Berserk, Trog's Hand


You were on level 4 of the Dungeon.
You worshipped Trog.
Trog was pleased with you.
You visited 1 branch of the dungeon, and saw 4 of its levels.

You collected 150 gold pieces.

Inventory:

Hand Weapons
 a - a +0 falchion (weapon)
 g - a +0 flail
Armour
 l - a +0 chain mail (worn)
 n - a +0 helmet (worn)
Jewellery
 k - a ring of resist corrosion (left hand)
 r - a +6 ring of strength (right hand)
Scrolls
 b - a scroll of enchant armour {unknown}
 c - 5 scrolls of identify {unknown}
 d - a scroll of enchant weapon {unknown}
 h - 2 scrolls of teleportation {unknown}
 m - a scroll of noise {unknown}
 o - a scroll of vulnerability {unknown}
 p - a scroll of magic mapping {unknown}
Potions
 e - a potion of attraction {unknown}
 f - a potion of flight {unknown}
 i - a potion of mutation {unknown}
 j - a potion of might
 q - a potion of lignification {unknown}


   Skills:
 + Level 4.3 Fighting
 * Level 5.2 Long Blades
 + Level 2.3 Armour
 - Level 2.6 Dodging


You had 4 spell levels left.
You didn't know any spells.
Your spell library was empty.

Dungeon Overview and Level Annotations

Branches:
Dungeon (4/15)
 Temple: D:4-7

Altars:


Innate Abilities, Weirdness & Mutations

((You are quick and stealthy near water. (Stealth+, EV+, Speed+++)))
Your lower body shifts to a powerful aquatic tail in water.


Message History

Trog accepts your kill.
The goblin shoots a stone.
The stone barely misses you.
Items here: $ ) †.
You feel a strong urge to attack something.
You are no longer berserk.
Trog's vigour flows through your veins.
You are exhausted.
You feel yourself slow down. The gnoll hits you with a +0 flail.
You hit the gnoll.
The gnoll is lightly wounded.
The gnoll misses you.
The goblin unwields a +0 hunting sling.
The goblin wields a +0 club.
The goblin hits you with a +0 club. The gnoll hits you with a +0 flail!
The gnoll barely misses you. The goblin hits you with a +0 club.
* * * LOW HITPOINT WARNING * * *
The gnoll hits you but does no damage. The gnoll closely misses you.
You riposte.
You hit the gnoll.
The gnoll is heavily wounded.
Items here: $ ) †.
The gnoll hits you but does no damage.
The gnoll hits you from afar with a +0 spear.
* * * LOW HITPOINT WARNING * * *
Items here: ) †.
The gnoll hits you but does no damage.
You see here a hobgoblin corpse.
It was a potion of might.
You feel very mighty all of a sudden. The gnoll misses you.
The gnoll hits you but does no damage. The gnoll barely misses you.
You barely miss the gnoll.
The gnoll is heavily wounded.
The gnoll hits you but does no damage. The gnoll barely misses you.
The gnoll hits you with a +0 flail.
* * * LOW HITPOINT WARNING * * *
You closely miss the gnoll.
The gnoll is heavily wounded.
The gnoll hits you but does no damage. The gnoll hits you with a +0 flail.
* * * LOW HITPOINT WARNING * * *
The gnoll hits you from afar with a +0 spear.
You die...

.###..#
#......+..<.[.........#
......#
#......#..............#
......#
######.#..............#
......#
#####.######.........#
.###..#
#....................# .#
#..#############.##.........#
.# #.....# #..............#
.#
##.##.##########....##.....##
##
#.......##..@gg.#####.#######
#.##.##.#..###g.# #.# #..
#.##....#.## ##.### #.#####..
#.#####...# #...###.....#..
### #..####+ ###..######.#..
#.## #...#.##.## #.#.. #.#
+.ggg.g'..#####.#.. #.##
#...#.##......#...# #..####'
###.{.###.###.#


You could see 2 gnolls and a goblin.

Vanquished Creatures
  4 gnolls
  4 adders
  3 worms (D:2)
  A dart slug (D:2)
  2 orcs
  3 endoplasms
  4 giant cockroaches
  9 goblins
  8 hobgoblins
  10 jackals
  3 quokkas
  4 ball pythons
  4 bats
  3 frilled lizards
  6 kobolds
  8 rats
76 creatures vanquished.

Notes
Turn   | Place    | Note
-------+----------+-------------------------------------------
     0 | D:1      | jejorda2 the Merfolk Berserker began the quest for the Orb.
     0 | D:1      | Reached XP level 1. HP: 18/18 MP: 1/1
   168 | D:1      | Reached XP level 2. HP: 21/24 MP: 2/2
   486 | D:1      | Reached ** piety under Trog
   494 | D:1      | Reached skill level 4 in Long Blades
   494 | D:1      | Reached XP level 3. HP: 23/29 MP: 3/3
  1198 | D:2      | Found a faded altar of an unknown god.
  1780 | D:2      | Reached XP level 4. HP: 24/37 MP: 4/4
  3009 | D:3      | Reached XP level 5. HP: 42/42 MP: 5/5
  3204 | D:3      | Reached skill level 5 in Long Blades
  3962 | D:4      | HP: 2/43 [gnoll/+0 flail (5)]
  3962 | D:4      | Slain by a gnoll

Illustrated notes

Levels and vault maps discovered:
D:1:      eino_arrival_cavern_a, layout_basic
D:2:      layout_basic, shapermc_ecumenical_altar_mp_vishouse,
          minmay_pentomino_pile
D:3:      layout_rooms
D:4:      cheibrodos_greedy_goblins, layout_basic, minmay_fractal_squares_5

Skill      XL: |  1  2  3  4  5 |
---------------+----------------+-----
Long Blades    | 4 5 |  5.2
Armour         | 2 |  2.3
Fighting       | 4 |  4.3
Dodging        | |  2.6

Action                   |  1- 3 |  4- 6 || total
-------------------------+-------+-------++-------
Melee: Falchion          |   135 |   141 ||   276
Invok: Berserk           |     1 |     2 ||     3
  Use: Potion            |       |     1 ||     1
Armor: Ring mail         |    48 |    19 ||    67
       Chain mail        |       |    41 ||    41
Dodge: Dodged            |    75 |    81 ||   156
       Rpst.: Falchion   |    19 |    22 ||    41

Table legend: (Time is in decaauts)
 A = Elapsed time spent in this place.
 B = Non-inter-level travel time spent in this place.
 C = Inter-level travel time spent in this place.
 D = Time resting spent in this place.
 E = Time spent auto-exploring this place.
 F = Levels seen in this place.
 G = Mean time per level.
                   A        B        C        D        E       F      G
               +--------+--------+--------+--------+--------+-----+--------+
         Total |   3995 |   3848 |    147 |     73 |   3140 |   4 |  998.8 |
       Dungeon |   3995 |   3848 |    147 |     73 |   3140 |   4 |  998.8 |
               +--------+--------+--------+--------+--------+-----+--------+

Top non-repeatable levels by time:
     D:2: 1605 daAuts
     D:1: 1256 daAuts
     D:3: 744 daAuts
     D:4: 388 daAuts
